 Dungeon Crawl Stone Soup version 0.21.0-30-g47ce8e4 (webtiles) character file.

77192 pk666 the Severer (level 15, -5/155 HPs)
             Began as a Minotaur Berserker on Jan 29, 2018.
             Was the Champion of Trog.
             Killed from afar by a spriggan druid (42 damage)
             ... with a stone arrow
             ... on level 2 of the Swamp.
             The game lasted 01:34:37 (23385 turns).

pk666 the Severer (Minotaur Berserker)             Turns: 23385, Time: 01:34:39

Health: -5/155     AC: 22    Str: 27    XL:     15   Next: 14%
Magic:  14/14      EV: 14    Int:  6    God:    Trog [******]
Gold:   501        SH:  0    Dex: 14    Spells: 14/14 levels left

rFire    x . .     SeeInvis .   H - +2 executioner's axe (elec)
rCold    + . .     Gourm    .   (shield currently unavailable)
rNeg     + . .     Faith    .   r - +4 chain mail of Circular Logic {rN+ Regen+ Int+2}
rPois    .         Spirit   .   J - +2 hat
rElec    .         Reflect  .   y - +1 cloak
rCorr    .         Harm     .   O - +0 pair of gloves
MR       +....                  Z - +0 pair of boots
Stlth    ..........             (no amulet)
HPRegen  0.75/turn              G - ring of Wofaov {Ice Dex+3}
MPRegen  0.14/turn              t - +5 ring of slaying

@: berserk cooldown, slowed, studying Axes, very slow
A: retaliatory headbutt, horns 2
a: Berserk, Trog's Hand, Brothers in Arms, Burn Spellbooks, Renounce Religion


You were on level 2 of the Swamp.
You worshipped Trog.
Trog was exalted by your worship.
You were very hungry.

You visited 4 branches of the dungeon, and saw 20 of its levels.
You also visited: Volcano.

You collected 2046 gold pieces.
You spent 1545 gold pieces at shops.

Inventory:

Hand Weapons
 a - a +6 battleaxe of freezing
 b - a +0 blowgun (quivered)
 i - the +9 war axe of the Everdark {vamp, rC- MR++ Dex+3 Stlth+}
   (You found it on level 2 of the Orcish Mines)

   It inflicts no extra harm, but heals its wielder when it wounds a living foe.
   It affects your dexterity (+3).
   It makes you vulnerable to cold.
   It affects your resistance to hostile enchantments.
   It makes you more stealthy.
 H - a +2 executioner's axe of electrocution (weapon)
Missiles
 S - 13 curare-tipped needles
Armour
 r - the +4 chain mail of Circular Logic (worn) {rN+ Regen+ Int+2}
   (You found it on level 1 of the Swamp)

   It affects your intelligence (+2).
   It protects you from negative energy.
   It increases your rate of regeneration.
 y - a +1 cloak (worn)
 J - a +2 hat (worn)
 O - a +0 pair of gloves (worn)
 R - a +1 plate armour of fire resistance
 Y - the +1 chain mail of the Cockatrice {rN+++ rCorr Slay+3 Stlth-}
   (You found it on level 4 of the Lair of Beasts)

   It affects your accuracy and damage with ranged weapons and melee attacks
   (+3).
   It renders you almost immune to negative energy.
   It protects you from acid and corrosion.
   It makes you less stealthy.
 Z - a +0 pair of boots (worn)
Jewellery
 p - an uncursed ring of protection from magic
 t - a +5 ring of slaying (right hand)
 w - the ring "Baqeseit" {rN+ Stlth-}
   (You found it on level 1 of the Swamp)

   [ring of loudness]

   It protects you from negative energy.
   It makes you less stealthy.
 G - the ring of Wofaov (left hand) {Ice Dex+3}
   (You found it on level 1 of the Swamp)

   [ring of ice]

   It enhances your ice magic.
   It affects your dexterity (+3).
   It makes you vulnerable to fire.
   It protects you from cold.
Wands
 d - a wand of clouds (5)
 j - a wand of flame (21)
 l - a wand of polymorph (11)
 u - a wand of iceblast (22)
 F - a wand of paralysis (9)
 K - a wand of acid (11)
 M - a wand of enslavement (59)
Scrolls
 k - 12 scrolls of remove curse
 o - 13 scrolls of teleportation
 s - a scroll of fog
 A - 3 scrolls of blinking
 C - 8 scrolls of enchant armour
 D - a scroll of magic mapping
 T - 4 scrolls of identify
Potions
 e - a potion of lignification {unknown}
 f - 9 potions of curing
 g - a potion of haste {unknown}
 m - 3 potions of heal wounds
 q - a potion of cancellation {unknown}
 v - 4 potions of ambrosia
 x - a potion of flight
 z - 5 potions of might
 E - 5 potions of berserk rage
 L - 3 potions of agility
 Q - 2 potions of resistance
Books
 h - a manual of Axes
Miscellaneous
 B - a lightning rod (4/4)
Comestibles
 c - 25 rations
 n - a chunk of flesh


   Skills:
 * Level 19.7 Fighting
 * Level 20.2 Axes
 + Level 9.6 Armour
 + Level 8.8 Dodging


You had 14 spell levels left.
You didn't know any spells.

Dungeon Overview and Level Annotations

Branches:
Dungeon (10/15)            Temple (0/1) D:6            Lair (6/6) D:10
  Swamp (2/4) Lair:3        Snake (0/4) Lair:2        Slime (0/5) Lair:6
    Orc (2/2) D:10            Elf (0/3) Orc:2

Altars:
Ashenzari
Dithmenos
Elyvilon
Trog
Uskayaw
Zin
Beogh
Jiyva

Shops:
D:10 (   Orc:2 *=::

Portals:
Ice
Cave: Swamp:2

Annotations:
Lair:6 1 runed door


Innate Abilities, Weirdness & Mutations

You reflexively headbutt those who attack you in melee.
You have a pair of horns on your head.


Message History

The spriggan rider shouts!
The spriggan druid barely misses you. You furiously retaliate!
You headbutt the spriggan druid.
A spriggan comes into view. It is wielding an enchanted dagger.
The spriggan rider shouts!
The spriggan rider closely misses you. The swamp dragon closely misses you.
You furiously retaliate!
You headbutt the swamp dragon. The swamp dragon closely misses you.
The swamp dragon tramples you but does no damage.
The spriggan druid barely misses you. You furiously retaliate!
You headbutt the spriggan druid!
There is a frozen archway here.
The spriggan rider hits you but does no damage.
The swamp dragon bites you!
* * * LOW HITPOINT WARNING * * *
The swamp dragon claws you but does no damage.
The swamp dragon tramples you but does no damage.
The spriggan druid gestures at you while chanting.
The stone arrow hits you!
You die...

♣♣♣. ♣♣≈..≈≈.≈..≈≈§≈≈.≈
♣≈.≈ ♣...≈≈≈.♣♣≈...≈≈..
♣♣...♣♣....≈≈≈≈♣♣♣♣♣.§≈.
♣♣.≈♣♣≈≈♣♣.....≈≈♣♣ ♣.≈≈.
.≈ii≈.?.♣.....≈≈≈.♣♣♣...≈
♣..≈≈......[≈♣≈♣♣...≈..
♣≈....#).......§†≈§≈≈≈≈
..≈..#i.i##i♣.....≈≈≈≈≈≈≈
≈.).?.##@##..♣♣.♣.≈≈≈≈≈≈≈
♣≈..≈. #D..#.♣♣♣♣.≈≈≈.≈.≈
♣.♣≈/..#†...♣ ♣≈≈≈≈.<≈≈ ♣
♣≈≈≈....♣♣♣ ♣≈≈≈≈≈≈≈≈ ≈
≈≈≈..≈♣ ♣.≈≈≈≈≈≈≈
♣..≈≈..♣≈♣ ♣.≈§≈≈≈≈≈
........≈ ♣♣.≈≈≈≈≈≈
♣♣♣♣..≈≈≈.♣ ..≈≈≈≈≈


You could see a swamp dragon, 2 spriggan riders and 2 spriggan druids.

Vanquished Creatures
  Gastronok (Lair:1)
  An orc warlord (Orc:2)
  The ghost of p0werm0de the Fighter, a journeyman FoCK of Cheibriados (Lair:6)
  A fire dragon (Lair:6)
  Fannar (Orc:1)
  10 hydras
  Harold (Lair:1)
  A ghost crab (Swamp:2)
  Erolcha (Orc:1)
  Erica (D:8)
  3 death yaks (Lair:6)
  2 alligators (Swamp:1)
  A catoblepas (Lair:6)
  5 two-headed ogres
  An ogre mage (Orc:2)
  4 orc high priests (Orc:2)
  Urug (Lair:4)
  Sonja (Lair:1)
  A sun demon (Volcano)
  A spriggan druid (Swamp:2)
  A lindwurm (Lair:6)
  Pikel (D:7)
  A swamp dragon (Lair:6)
  4 orc knights (Orc:2)
  2 ugly things
  2 oklob plants
  6 orc sorcerers
  2 manticores (Lair:6)
  Maurice (D:8)
  3 elephants
  6 black mambas
  Joseph (Lair:1)
  17 spiny frogs
  6 komodo dragons
  4 rime drakes
  3 trolls
  A polar bear (Lair:3)
  3 red devils (Volcano)
  A hornet (Swamp:1)
  A tyrant leech (Swamp:1)
  9 dream sheep (Lair:6)
  14 blink frogs
  6 hippogriffs
  7 bog bodies
  6 slime creatures (Swamp:1)
  A shadow (Swamp:2)
  A spriggan (Swamp:1)
  2 wyverns
  25 yaks
  A hungry ghost (D:10)
  Grum (D:8)
  The ghost of p0werm0de the Ruffian, an amateur FoCK of Xom (D:3)
  3 basilisks
  14 vampire mosquitoes
  A steam dragon (Lair:6)
  4 insubstantial wisps
  2 wargs (Orc:2)
  5 swamp worms (Swamp:1)
  A naga (Lair:2)
  8 water moccasins
  3 acid dragons (Lair:6)
  5 porcupines
  5 swamp drakes
  34 orc warriors
  2 sky beasts
  2 hell hounds (Volcano)
  5 necrophages (Lair:2)
  An ice beast (D:7)
  A phantom (D:8)
  15 ogres
  12 crocodiles
  2 centaurs
  23 wolves
  4 big kobolds (D:10)
  11 bullfrogs
  3 gnoll sergeants (D:10)
  2 scorpions
  A wyvern skeleton (D:7)
  The ghost of p0werm0de the Shield-Bearer, a weakling DDFi (D:4)
  A crimson imp (D:9)
  A quasit (D:7)
  A gnoll shaman (D:5)
  3 hounds
  A centaur zombie (D:5)
  A bullfrog zombie (D:9)
  4 jellies
  24 orc priests
  3 centaur skeletons
  Crazy Yiuf (D:7)
  2 iguanas
  9 worker ants
  23 orc wizards
  2 worker ant zombies
  11 adders
  21 gnolls
  2 shadow imps
  2 adder skeletons
  3 worms
  2 dart slugs
  4 leopard geckos
  99 orcs
  A ball python (D:6)
  10 giant cockroaches
  10 goblins
  7 hobgoblins
  14 jackals
  17 kobolds
  8 quokkas
  3 bats
  3 frilled lizards
  A leopard gecko zombie (D:7)
  9 rats
  2 bushes (Lair:2)
  3 fungi
  2 plants
659 creatures vanquished.

Vanquished Creatures (others)
  An orc wizard (D:4)
  An orc (Orc:2)
  6 fungi (Lair:6)
  9 plants
17 creatures vanquished.

Grand Total: 676 creatures vanquished

Notes
Turn   | Place    | Note
-------+----------+-------------------------------------------
     0 | D:1      | pk666 the Minotaur Berserker began the quest for the Orb.
     0 | D:1      | Reached XP level 1. HP: 19/19 MP: 0/0
   261 | D:1      | Reached skill level 4 in Axes
   292 | D:1      | Reached XP level 2. HP: 27/27 MP: 1/1
   704 | D:2      | Reached ** piety under Trog
   705 | D:2      | Reached XP level 3. HP: 33/34 MP: 2/2
   823 | D:2      | Found a hide-covered altar of Uskayaw.
   834 | D:2      | Reached skill level 5 in Fighting
   834 | D:2      | Reached skill level 5 in Axes
   834 | D:2      | Reached XP level 4. HP: 20/42 MP: 3/3
  1209 | D:2      | Found a glowing silver altar of Zin.
  1483 | D:3      | Reached XP level 5. HP: 42/48 MP: 4/4
  1713 | D:3      | Reached *** piety under Trog
  1792 | D:3      | Noticed p0werm0de's ghost (amateur FoCK)
  1802 | D:3      | Killed p0werm0de's ghost
  1802 | D:3      | Reached skill level 6 in Axes
  1802 | D:3      | Reached XP level 6. HP: 42/58 MP: 5/5
  2041 | D:4      | Noticed p0werm0de's ghost (weakling DDFi)
  2054 | D:4      | Killed p0werm0de's ghost
  2272 | D:4      | Reached skill level 7 in Axes
  2275 | D:4      | Reached XP level 7. HP: 24/66 MP: 6/6
  3225 | D:5      | Entered Level 5 of the Dungeon
  3231 | D:5      | Reached skill level 8 in Axes
  3242 | D:5      | Reached **** piety under Trog
  3537 | D:5      | Found a shadowy altar of Dithmenos.
  3544 | D:5      | Found a white marble altar of Elyvilon.
  3544 | D:5      | Found a bloodstained altar of Trog.
  3551 | D:5      | Reached XP level 8. HP: 75/75 MP: 7/7
  3580 | D:5      | Reached skill level 9 in Axes
  4362 | D:5      | Found a shattered altar of Ashenzari.
  4909 | D:6      | Found a staircase to the Ecumenical Temple.
  5014 | D:6      | Reached skill level 10 in Fighting
  5017 | D:6      | Reached skill level 10 in Axes
  5617 | D:7      | Reached XP level 9. HP: 63/86 MP: 8/8
  5619 | D:7      | Reached ***** piety under Trog
  5622 | D:7      | Noticed Pikel
  5629 | D:7      | Killed Pikel
  5629 | D:7      | Reached skill level 11 in Axes
  5787 | D:7      | Found a runed door.
  6424 | D:7      | Noticed Crazy Yiuf
  6429 | D:7      | Killed Crazy Yiuf
  6508 | D:8      | Received a gift from Trog
  6549 | D:8      | Noticed Grum
  6554 | D:8      | Noticed Erica
  6561 | D:8      | Reached skill level 12 in Axes
  6570 | D:8      | Killed Grum
  6574 | D:8      | Killed Erica
  6574 | D:8      | Reached XP level 10. HP: 86/99 MP: 9/9
  6869 | D:8      | Noticed Maurice
  6893 | D:8      | Killed Maurice
  7390 | D:9      | Noticed a two-headed ogre
  7403 | D:9      | Reached skill level 13 in Axes
  7411 | D:9      | Killed a two-headed ogre
  7638 | D:9      | Noticed a cyan ugly thing
  7647 | D:9      | Killed a cyan ugly thing
  7788 | D:9      | Noticed a two-headed ogre
  7792 | D:9      | Killed a two-headed ogre
  8107 | D:10     | Entered Level 10 of the Dungeon
  8128 | D:10     | Reached skill level 14 in Axes
  8131 | D:10     | Found a staircase to the Lair.
  8370 | D:10     | Found Roaxev's Weapon Emporium.
  8637 | D:10     | Found a staircase to the Orcish Mines.
  8646 | D:10     | Reached XP level 11. HP: 110/110 MP: 10/10
  8656 | D:10     | Received a gift from Trog
  9322 | Lair:1   | Entered Level 1 of the Lair of Beasts
  9343 | Lair:1   | Noticed Gastronok
  9348 | Lair:1   | Noticed Sonja
  9355 | Lair:1   | Killed Sonja
  9355 | Lair:1   | Killed Gastronok
  9738 | Lair:1   | Reached skill level 15 in Fighting
  9758 | Lair:1   | Reached skill level 15 in Axes
 10278 | Lair:1   | Noticed Harold
 10280 | Lair:1   | Noticed Joseph
 10292 | Lair:1   | Killed Harold
 10547 | Lair:1   | Killed Joseph
 11095 | Lair:2   | Noticed an oklob plant
 11402 | Lair:2   | Killed an oklob plant
 11402 | Lair:2   | Reached skill level 16 in Axes
 11402 | Lair:2   | Reached XP level 12. HP: 76/122 MP: 3/11
 11832 | Lair:2   | Received a gift from Trog
 11866 | Lair:2   | Found a staircase to the Snake Pit.
 12174 | Lair:3   | Found a dark tunnel.
 12197 | Volcano  | Entered a volcano
 12657 | Lair:3   | Found a staircase to the Swamp.
 13210 | Lair:4   | Got a slimy chain mail
 13234 | Lair:4   | Identified the cursed +1 chain mail of the Cockatrice {rN+++ rCorr Slay+3 Stlth-} (You found it on level 4 of the Lair of Beasts)
 13999 | Lair:4   | Reached skill level 17 in Axes
 14006 | Lair:4   | Noticed Urug
 14012 | Lair:4   | Killed Urug
 14030 | Lair:4   | Noticed an eight-headed hydra
 14039 | Lair:4   | Killed a ten-headed hydra
 14617 | Lair:5   | Reached skill level 5 in Armour
 14796 | Lair:5   | Reached XP level 13. HP: 124/132 MP: 4/12
 14797 | Lair:5   | Found a labyrinth entrance.
 15542 | Lair:6   | Entered Level 6 of the Lair of Beasts
 15766 | Lair:6   | Received a gift from Trog
 15781 | Lair:6   | Reached skill level 5 in Dodging
 16285 | Lair:6   | Noticed p0werm0de's ghost (journeyman FoCK)
 16302 | Lair:6   | Killed p0werm0de's ghost
 17102 | Lair:6   | Reached skill level 18 in Axes
 17359 | Lair:6   | Found a runed door.
 17360 | Lair:6   | Found a viscous altar of Jiyva.
 17360 | Lair:6   | Noticed an azure jelly
 17362 | Lair:6   | Noticed an azure jelly
 17364 | Lair:6   | Found a staircase to the Slime Pits.
 18099 | Lair:6   | Reached ****** piety under Trog
 18149 | Lair:6   | Noticed a fire dragon
 18154 | Lair:6   | Received a gift from Trog
 18157 | Lair:6   | Killed a fire dragon
 18157 | Lair:6   | Reached XP level 14. HP: 122/144 MP: 4/13
 18634 | Lair:1   | Identified a scroll of acquirement
 18820 | Orc:1    | Entered Level 1 of the Orcish Mines
 18850 | Orc:1    | Noticed Erolcha
 18857 | Orc:1    | Killed Erolcha
 18893 | Orc:1    | Noticed Fannar
 18901 | Orc:1    | Killed Fannar
 19244 | Orc:2    | Entered Level 2 of the Orcish Mines
 19754 | Orc:2    | Found a roughly hewn altar of Beogh.
 19829 | Orc:2    | Found Dirien's General Store.
 19842 | Orc:2    | Found Gaestaod's Jewellery Shop.
 20078 | Orc:2    | Received a gift from Trog
 20128 | Orc:2    | Found a staircase to the Elven Halls.
 20182 | Orc:2    | Got a steaming war axe
 20183 | Orc:2    | Identified the +9 war axe of the Everdark {vamp, rC- MR++ Dex+3 Stlth+} (You found it on level 2 of the Orcish Mines)
 20352 | Orc:2    | Noticed an orc warlord
 20358 | Orc:2    | Found a roughly hewn altar of Beogh.
 20366 | Orc:2    | Killed an orc warlord
 20366 | Orc:2    | Reached skill level 19 in Axes
 20578 | Orc:2    | Found Eceaxidgh's Book Boutique.
 20769 | Orc:2    | Bought a manual of Axes for 1545 gold pieces
 20821 | Orc:2    | Found Gehoh's Book Shoppe.
 20889 | Orc:2    | Received a gift from Trog
 21730 | Swamp:1  | Entered Level 1 of the Swamp
 21977 | Swamp:1  | Found a transporter.
 22104 | Swamp:1  | Found a transporter.
 22743 | Swamp:1  | Got an ancient chain mail
 22754 | Swamp:1  | Identified the +4 chain mail of Circular Logic {rN+ Regen+ Int+2} (You found it on level 1 of the Swamp)
 22971 | Swamp:1  | Got a twitching iron ring
 22989 | Swamp:1  | Got a heavily runed lapis lazuli ring
 23003 | Swamp:1  | Identified the ring "Baqeseit" {rN+ Stlth-} (You found it on level 1 of the Swamp)
 23005 | Swamp:1  | Identified the ring of Wofaov {Ice Dex+3} (You found it on level 1 of the Swamp)
 23077 | Swamp:2  | Reached XP level 15. HP: 139/152 MP: 14/14
 23143 | Swamp:2  | Reached skill level 20 in Axes
 23149 | Swamp:2  | Received a gift from Trog
 23367 | Swamp:2  | Found a frozen archway.
 23385 | Swamp:2  | Killed from afar by a spriggan druid

Skill      XL: |  1  2  3  4  5  6  7  8  9 10 11 12 13 14 15 |
---------------+----------------------------------------------+-----
Fighting       | 4 5 6 7 8 10 12 14 16 17 18 19 | 19.7
Axes           | 4 5 6 7 8 10 12 14 16 17 18 19 20 | 20.2
Armour         | 5 7 9 |  9.6
Dodging        | 4 6 8 |  8.8

Action                   |  1- 3 |  4- 6 |  7- 9 | 10-12 | 13-15 || total
-------------------------+-------+-------+-------+-------+-------++-------
Melee: Hand axe          |    76 |   105 |   285 |    43 |       ||   509
       Headbutt          |    10 |    22 |    65 |    92 |   106 ||   295
       War axe           |       |       |       |    93 |       ||    93
       Battleaxe         |       |       |       |   246 |   474 ||   720
       Executioner's axe |       |       |       |       |    20 ||    20
 Fire: Blowgun           |       |       |       |       |    12 ||    12
Invok: Berserk           |       |     2 |     8 |    10 |     7 ||    27
       Burn Spellbooks   |       |       |     2 |     3 |     2 ||     7
  Use: Potion            |     1 |       |       |     3 |     4 ||     8
       Scroll            |       |       |       |     5 |    25 ||    30
  Eat: Chunk             |       |     5 |    18 |    35 |    33 ||    91
       Ration            |       |       |     1 |       |       ||     1
Armor: Ring mail         |    28 |    39 |    67 |       |       ||   134
       Animal skin       |     1 |       |       |       |       ||     1
       Chain mail        |       |       |     3 |    53 |   262 ||   318
       Scale mail        |       |       |       |   107 |       ||   107
       Plate armour      |       |       |       |     7 |       ||     7
Dodge: Dodged            |    57 |    65 |   133 |   149 |   262 ||   666
